[ AOE2 MATCH · #506747456 ]
UnrankedMaya vs Armenians
Player's team · LOSS
[ REPLAY ANALYSIS · EXTRACTED FROM THE RECORDED GAME ]
Feudal
9:51
Castle
22:16
Imperial
39:27
| APM avg | 30.0 |
| APM peak | 65 |
| eAPM avg | 20.4 |
| Villagers / military | 141 / 94 |
Focus
⚔️ 34.3% · 🌾 65.7%
Archer ×32 · Eagle Scout ×23 · Plumed Archer ×17 · Spearman ×13 · Monk ×4 · Battering Ram ×3
Feudal
11:17
Castle
19:35
Imperial
35:42
| APM avg | 35.3 |
| APM peak | 67 |
| eAPM avg | 20.1 |
| Villagers / military | 130 / 136 |
Focus
⚔️ 38.9% · 🌾 61.1%
Composite Bowman ×69 · Warrior Priest ×34 · Mangonel ×14 · Knight ×6 · Militia ×6 · Trebuchet (Packed) ×4
Match map
Initial resources + every placement click. Lines = walls · curves = elevation contours. ◆ gold · ⬟ stone · ● berries · ✦ relic · ◌ wall gap
Your base· Open — opponent sealed themselves in
Soup Crackkers's base· ✓ Closed at 19:35 · 7t walls · no gate
Smoothed initial terrain · ◌ = detected wall gap · hover for details
Inputs per minute
— pabloic16 - - Soup Crackkers
Build order — pabloic16
First 150 of 412 actions detected
| 0:00 | Research | Loom |
| 0:03 | Build | House |
| 0:05 | Build | House |
| 0:15 | Queue | Villager (Male) |
| 0:15 | Queue | Villager (Male) |
| 0:15 | Queue | Villager (Male) |
| 1:24 | Queue | Villager (Male) |
| 1:24 | Queue | Villager (Male) |
| 1:50 | Build | Lumber Camp |
| 1:53 | Queue | Villager (Male) |
| 1:53 | Queue | Villager (Male) |
| 2:09 | Queue | Villager (Male) |
| 2:09 | Queue | Villager (Male) |
| 2:35 | Queue | Villager (Male) |
| 2:52 | Queue | Villager (Male) |
| 2:52 | Queue | Villager (Male) |
| 3:24 | Build | House |
| 3:25 | Build | House |
| 3:32 | Queue | Villager (Male) |
| 3:33 | Queue | Villager (Male) |
| 3:57 | Queue | Villager (Male) |
| 3:58 | Queue | Villager (Male) |
| 4:34 | Queue | Villager (Male) |
| 4:35 | Queue | Villager (Male) |
| 4:35 | Queue | Villager (Male) |
| 5:17 | Queue | Villager (Male) |
| 5:35 | Queue | Villager (Male) |
| 5:56 | Queue | Villager (Male) |
| 6:47 | Queue | Villager (Male) |
| 6:54 | Build | Mill |
| 7:41 | Research | Feudal Age |
| 7:52 | Build | Mining Camp |
| 8:08 | Queue | Villager (Male) |
| 8:09 | Queue | Villager (Male) |
| 9:34 | Build | Barracks |
| 9:38 | Build | Palisade Wall |
| 9:51 | Age | Feudal Age |
| 9:55 | Research | Double-Bit Axe |
| 10:02 | Build | Watch Tower |
| 10:11 | Build | House |
| 10:17 | Queue | Villager (Male) |
| 10:43 | Build | Farm |
| 11:07 | Build | Blacksmith |
| 11:14 | Research | Town Watch |
| 11:20 | Build | Farm |
| 11:35 | Queue | Villager (Male) |
| 11:43 | Queue | Villager (Male) |
| 12:09 | Build | House |
| 12:29 | Build | Archery Range |
| 12:58 | Build | Archery Range |
| 13:00 | Queue | Villager (Male) |
| 13:23 | Queue | Villager (Male) |
| 13:37 | Research | Fletching |
| 13:47 | Queue | Archer |
| 13:47 | Queue | Archer |
| 13:48 | Build | Archery Range |
| 13:55 | Queue | Villager (Male) |
| 13:55 | Queue | Villager (Male) |
| 13:58 | Build | House |
| 14:00 | Build | House |
| 14:15 | Research | Wheelbarrow |
| 14:16 | Queue | Villager (Male) |
| 14:18 | Queue | Villager (Male) |
| 14:41 | Queue | Archer |
| 14:41 | Queue | Archer |
| 14:46 | Build | Mining Camp |
| 14:50 | Queue | Villager (Male) |
| 14:58 | Queue | Archer |
| 14:59 | Queue | Archer |
| 15:16 | Queue | Archer |
| 15:32 | Queue | Archer |
| 16:10 | Build | Farm |
| 16:11 | Build | Farm |
| 16:28 | Build | Watch Tower |
| 16:30 | Queue | Villager (Male) |
| 16:33 | Build | Farm |
| 16:39 | Queue | Archer |
| 16:40 | Queue | Archer |
| 16:40 | Queue | Archer |
| 16:45 | Build | House |
| 16:47 | Build | House |
| 16:48 | Build | House |
| 16:56 | Queue | Villager (Male) |
| 17:19 | Build | Farm |
| 17:19 | Build | Farm |
| 17:29 | Build | Farm |
| 17:40 | Queue | Archer |
| 17:40 | Queue | Archer |
| 17:40 | Queue | Archer |
| 18:02 | Queue | Villager (Male) |
| 18:14 | Build | Farm |
| 18:45 | Queue | Villager (Male) |
| 19:18 | Build | Market |
| 19:31 | Build | House |
| 19:36 | Research | Castle Age |
| 19:36 | Research | Castle Age |
| 19:53 | Queue | Villager (Male) |
| 20:10 | Build | Barracks |
| 20:18 | Research | Padded Archer Armor |
| 20:46 | Queue | Archer |
| 20:46 | Queue | Archer |
| 21:06 | Research | Horse Collar |
| 21:27 | Queue | Villager (Male) |
| 21:45 | Queue | Archer |
| 21:49 | Research | Gold Mining |
| 22:16 | Age | Castle Age |
| 22:25 | Research | Crossbowman (upgrade) |
| 22:30 | Build | Farm |
| 22:48 | Build | Farm |
| 23:02 | Queue | Spearman |
| 23:07 | Queue | Villager (Male) |
| 23:07 | Queue | Villager (Male) |
| 23:24 | Build | Castle |
| 23:35 | Queue | Spearman |
| 23:39 | Research | Pikeman (upgrade) |
| 23:47 | Build | Town Center |
| 23:52 | Queue | Militia |
| 24:05 | Queue | Villager (Male) |
| 24:05 | Queue | Villager (Male) |
| 24:05 | Queue | Villager (Male) |
| 24:14 | Research | Bow Saw |
| 24:50 | Build | Monastery |
| 24:53 | Queue | Villager (Male) |
| 24:54 | Queue | Villager (Male) |
| 24:59 | Queue | Villager (Male) |
| 24:59 | Queue | Villager (Male) |
| 24:59 | Queue | Villager (Male) |
| 25:04 | Queue | Spearman |
| 25:04 | Queue | Spearman |
| 25:04 | Queue | Spearman |
| 25:14 | Build | Farm |
| 25:17 | Build | Farm |
| 25:23 | Queue | Monk |
| 25:26 | Queue | Spearman |
| 25:27 | Queue | Spearman |
| 25:28 | Research | Scale Mail Armor |
| 25:28 | Research | Scale Mail Armor |
| 25:38 | Queue | Villager (Male) |
| 25:38 | Queue | Villager (Male) |
| 26:16 | Build | Lumber Camp |
| 26:32 | Research | Squires |
| 26:35 | Research | Forging |
| 26:42 | Queue | Monk |
| 26:42 | Queue | Monk |
| 26:44 | Queue | Villager (Male) |
| 26:44 | Queue | Villager (Male) |
| 26:45 | Queue | Villager (Male) |
| 26:53 | Queue | Villager (Male) |
| 26:54 | Queue | Villager (Male) |
| 27:16 | Queue | Villager (Male) |
Build order — Soup Crackkers
First 150 of 407 actions detected
| 0:01 | Queue | Villager (Male) ×4 |
| 0:02 | Queue | Villager (Male) |
| 0:03 | Build | House |
| 0:07 | Build | House |
| 1:44 | Research | Loom |
| 1:46 | Queue | Villager (Male) |
| 1:46 | Queue | Villager (Male) |
| 1:52 | Build | Mule Cart |
| 1:56 | Research | Loom |
| 2:10 | Queue | Villager (Male) |
| 2:24 | Queue | Villager (Male) |
| 2:24 | Research | Loom |
| 2:55 | Research | Loom |
| 3:13 | Queue | Villager (Male) |
| 3:23 | Build | House |
| 3:28 | Queue | Villager (Male) |
| 3:50 | Build | Mule Cart |
| 3:56 | Queue | Villager (Male) |
| 4:12 | Queue | Villager (Male) |
| 4:38 | Queue | Villager (Male) |
| 5:22 | Queue | Villager (Male) |
| 5:23 | Queue | Villager (Male) |
| 5:36 | Build | House |
| 5:41 | Build | House |
| 6:07 | Research | Loom |
| 6:17 | Queue | Villager (Male) |
| 6:17 | Queue | Villager (Male) |
| 6:42 | Build | Mule Cart |
| 6:46 | Queue | Villager (Male) |
| 7:35 | Queue | Villager (Male) |
| 7:59 | Build | Barracks |
| 8:02 | Build | House |
| 8:15 | Queue | Villager (Male) |
| 8:24 | Queue | Villager (Male) |
| 8:54 | Research | Feudal Age |
| 9:13 | Queue | Villager (Male) |
| 9:15 | Queue | Militia |
| 9:15 | Queue | Militia |
| 9:28 | Build | Mill |
| 9:42 | Queue | Militia |
| 10:19 | Queue | Militia |
| 11:00 | Queue | Villager (Male) |
| 11:17 | Age | Feudal Age |
| 11:24 | Research | Man-at-Arms (upgrade) |
| 11:31 | Queue | Villager (Male) |
| 11:33 | Research | Double-Bit Axe |
| 11:48 | Build | Blacksmith |
| 12:05 | Research | Long Swordsman (upgrade) |
| 12:27 | Queue | Villager (Male) |
| 12:30 | Build | Farm |
| 12:30 | Build | Farm |
| 12:31 | Build | Farm |
| 12:31 | Build | Farm |
| 12:44 | Research | Arson |
| 12:54 | Queue | Villager (Male) |
| 13:02 | Build | House |
| 13:03 | Build | House |
| 13:26 | Queue | Militia |
| 13:26 | Queue | Militia |
| 13:31 | Build | Farm |
| 13:43 | Build | Farm |
| 13:44 | Build | Farm |
| 13:44 | Build | Farm |
| 13:56 | Queue | Villager (Male) |
| 13:56 | Queue | Villager (Male) |
| 14:07 | Queue | Villager (Male) |
| 14:14 | Build | Farm |
| 14:17 | Build | Farm |
| 14:23 | Build | Farm |
| 14:42 | Build | Farm |
| 15:09 | Queue | Villager (Male) |
| 15:09 | Queue | Villager (Male) |
| 15:26 | Queue | Villager (Male) |
| 15:32 | Build | Watch Tower |
| 15:36 | Queue | Villager (Male) |
| 15:56 | Build | Stable |
| 16:24 | Build | Farm |
| 16:46 | Build | Farm |
| 16:46 | Build | Farm |
| 16:46 | Build | Farm |
| 16:54 | Build | Mill |
| 16:55 | Research | Castle Age |
| 17:22 | Build | House |
| 17:28 | Build | Watch Tower |
| 18:00 | Build | Palisade Wall |
| 18:03 | Research | Fletching |
| 18:52 | Build | Farm |
| 18:59 | Build | Stable |
| 19:00 | Research | Scale Barding Armor |
| 19:08 | Research | Gold Mining |
| 19:35 | Age | Castle Age |
| 19:40 | Queue | Knight |
| 19:40 | Queue | Knight |
| 19:46 | Research | Bow Saw |
| 19:51 | Queue | Villager (Male) |
| 20:00 | Queue | Knight |
| 20:17 | Queue | Knight |
| 20:24 | Queue | Villager (Male) |
| 20:30 | Build | Mill |
| 20:31 | Build | Farm |
| 20:31 | Build | Farm |
| 20:31 | Build | Farm |
| 20:32 | Build | Farm |
| 20:41 | Queue | Knight |
| 21:04 | Queue | Villager (Male) |
| 21:13 | Queue | Villager (Male) |
| 21:25 | Queue | Knight |
| 21:25 | Queue | Scout Cavalry |
| 21:36 | Build | Mule Cart |
| 21:53 | Queue | Villager (Male) |
| 21:58 | Research | Husbandry |
| 22:06 | Build | Farm |
| 22:15 | Build | Farm |
| 22:15 | Build | Farm |
| 22:48 | Research | Chain Barding Armor |
| 23:10 | Build | Siege Workshop |
| 23:17 | Build | Farm |
| 23:18 | Build | Farm |
| 23:20 | Queue | Villager (Male) |
| 23:21 | Queue | Villager (Male) |
| 23:33 | Build | Town Center |
| 23:57 | Build | Monastery |
| 24:00 | Build | House |
| 24:12 | Queue | Villager (Male) |
| 24:19 | Build | House |
| 24:25 | Queue | Villager (Male) |
| 24:55 | Queue | Villager (Male) |
| 25:11 | Queue | Warrior Priest |
| 25:27 | Build | Town Center |
| 25:35 | Queue | Villager (Male) |
| 25:35 | Queue | Villager (Male) |
| 26:04 | Queue | Villager (Male) |
| 26:04 | Queue | Villager (Male) |
| 26:07 | Queue | Villager (Male) |
| 26:07 | Queue | Villager (Male) |
| 26:11 | Queue | Warrior Priest |
| 26:28 | Queue | Villager (Male) |
| 26:28 | Queue | Villager (Male) |
| 26:33 | Research | Wheelbarrow |
| 26:36 | Build | Mule Cart |
| 26:49 | Queue | Villager (Male) |
| 26:49 | Queue | Villager (Male) |
| 26:50 | Queue | Villager (Male) |
| 26:54 | Queue | Villager (Male) |
| 26:56 | Queue | Villager (Male) |
| 26:56 | Queue | Villager (Male) |
| 26:57 | Queue | Villager (Male) |
| 27:18 | Research | Horse Collar |
| 27:25 | Build | Mill |
| 27:27 | Queue | Villager (Male) |
Match timeline
| 7:59 | Soup Crackkers · first_building Barracks |
| 9:34 | pabloic16 · first_building Barracks |
| 9:38 | pabloic16 · wall_segment Palisade Wall x1 |
| 9:51 | pabloic16 · age_up feudal |
| 11:17 | Soup Crackkers · age_up feudal |
| 12:29 | pabloic16 · first_building Archery Range |
| 15:56 | Soup Crackkers · first_building Stable |
| 18:00 | Soup Crackkers · wall_segment Palisade Wall x7 |
| 19:35 | Soup Crackkers · age_up castle |
| 22:16 | pabloic16 · age_up castle |
| 23:10 | Soup Crackkers · first_building Siege Workshop |
| 23:17 | pabloic16 · first_market_buy 100 stone |
| 23:24 | pabloic16 · first_building Castle |
| 23:57 | Soup Crackkers · first_building Monastery |
| 24:50 | pabloic16 · first_building Monastery |
| 29:52 | Soup Crackkers · first_market_buy 100 food |
| 30:10 | Soup Crackkers · first_building Castle |
| 32:19 | Soup Crackkers · first_market_sell 100 stone |
| 32:36 | pabloic16 · first_building Siege Workshop |
| 35:42 | Soup Crackkers · age_up imperial |
| 39:27 | pabloic16 · age_up imperial |
| 46:37 | pabloic16 · resign |
[ AI ANALYSIS · 1 CREDIT ]
What really happened in this match?
Wolo.gg analyzes every decision: build order, eco, micro, common mistakes by bracket. Personalized analysis on WhatsApp or Discord in 30 seconds.
Civ guide
Maya
Perfil
Jugador #2181986